Rafales vs Punishers
Created - April 11, 2020 at 21:16
Goals
|
| Rafales |
0 |
1 |
1 |
0 |
2 |
| Punishers |
0 |
2 |
0 |
1 |
3 |
|
Shots
|
| Rafales |
9 |
14 |
11 |
0 |
34 |
| Punishers |
5 |
15 |
12 |
1 |
33 |
|
1st period
No Goal
Penalties :
Chris Terry (Stf) for Holding Stick (Minor) at 6:33, Austen Brassard (Pro) for Interference (Minor) at 16:06
2nd period
1. Punishers , Ben Betker 1 (Radek Faksa 24, Robbie Earl 35) at 8:10
2. Punishers , Robbie Earl 34 (Brett Kulak 12, Madison Bowey 19) at 12:18
3. Rafales , Bruno Gervais 7 (Andrew Shaw 78) at 16:21
Penalties :
Dylan McIlrath (Stf) for Interference (Minor) at 1:03, Keith Yandle (Pro) for Interference (Minor) at 16:30
3rd period
4. Rafales , Brian Ferlin 22 (Bruno Gervais 35) at 17:27 (PP)
Penalties :
Ben Betker (Pro) for Tripping (Minor) at 2:56, Robbie Earl (Pro) for Roughing (Minor) at 10:03, Keith Yandle (Pro) for Elbowing (Minor) at 16:56, Carl Klingberg (Stf) for Roughing (Minor) at 17:39
Overtime #1
5. Punishers , Slava Voynov 7 (Miikka Salomaki 40, Keith Yandle 20) at 0:09
Penalties :
No Penalty
Goalie Stats
Leland Irving (Stf), 30 saves from 33 shots - (0.909), OTL, 20-16-4, 60:09 minutes
Louis Domingue (Pro), 32 saves from 34 shots - (0.941), W, 26-24-2, 60:09 minutes
Players Stats for Rafales
Player Name G A P +/- PIM S H SB GA TA FO MP PP MP PK MP
------------------------------------------------------------------------------------
Akim Aliu 0 0 0 0 0 0 0 0 0 0 0/0 0:00 0:00 0:00
Andrew Shaw 0 1 1 -2 0 5 4 3 0 0 4/8 22:59 4:35 3:26
Ben Johnson 0 0 0 0 0 0 0 0 0 0 0/0 0:00 0:00 0:00
Ben Sexton 0 0 0 0 0 0 0 0 0 0 1/1 3:03 0:00 0:56
Ben Thomson 0 0 0 -1 0 1 3 0 0 0 0/0 12:15 0:00 0:26
Borna Rendulic 0 0 0 0 0 3 2 0 0 0 0/0 6:24 0:00 0:00
Brad Ross 0 0 0 0 0 0 0 0 0 0 0/0 1:37 0:00 1:37
Brian Ferlin 1 0 1 1 0 5 1 0 0 1 0/0 17:10 3:52 0:44
Bruno Gervais 1 1 2 -2 0 4 2 5 0 2 0/0 29:44 4:45 3:15
Carl Klingberg 0 0 0 -2 2 0 1 3 0 1 1/4 22:04 4:35 2:14
Chris Terry 0 0 0 1 2 0 2 0 0 0 0/1 16:25 3:52 0:00
Connor Murphy 0 0 0 0 0 4 1 1 1 0 0/0 31:10 4:40 3:57
David Broll 0 0 0 0 0 0 0 0 0 0 0/0 0:00 0:00 0:00
Dylan McIlrath 0 0 0 0 2 0 1 1 0 0 0/0 20:58 3:42 1:39
James Marcou 0 0 0 0 0 0 0 0 0 0 0/0 0:00 0:00 0:00
Jayson Megna 0 0 0 -1 0 0 2 0 0 0 1/5 11:31 0:00 0:00
Joe Labate 0 0 0 0 0 0 0 0 0 0 1/3 6:24 0:00 0:00
Julian Melchiori 0 0 0 -2 0 2 0 1 1 0 0/0 25:07 3:42 2:10
Kevin Veilleux 0 0 0 1 0 3 1 0 0 0 5/13 16:22 3:52 0:00
Nathan Davis 0 0 0 -1 0 5 1 1 2 0 11/25 19:39 4:35 1:08
Ryan Bourque 0 0 0 0 0 0 0 0 0 0 0/0 1:33 0:00 1:33
Slater Koekkoek 0 0 0 0 0 0 1 1 1 0 0/0 12:16 0:05 0:43
Tim Crowder 0 0 0 -1 0 2 0 0 1 0 1/1 11:31 0:00 0:00
Tyrell Goulbourne 0 0 0 0 0 0 1 0 0 0 0/0 6:24 0:00 0:00
Players Stats for Punishers
Player Name G A P +/- PIM S H SB GA TA FO MP PP MP PK MP
------------------------------------------------------------------------------------
Alex Schoenborn 0 0 0 0 0 0 0 0 0 0 1/1 2:18 0:00 1:55
Andreas Athanasiou 0 0 0 -1 0 0 2 0 0 0 0/0 17:52 2:49 3:15
Anton Blidh 0 0 0 0 0 0 0 0 0 0 0/0 1:21 0:41 0:00
Austen Brassard 0 0 0 0 2 3 1 0 0 0 1/1 12:17 0:03 0:00
Ben Betker 1 0 1 1 2 1 0 1 0 0 0/0 10:19 0:00 0:38
Brett Kulak 0 1 1 -1 0 1 0 1 0 1 0/0 24:09 2:27 4:03
Carter Ashton 0 0 0 -1 0 1 4 1 0 0 1/2 14:29 2:44 1:20
Daniel Audette 0 0 0 0 0 0 0 0 0 0 0/3 7:17 0:00 0:00
Elias Lindholm 0 0 0 -1 0 1 0 0 1 0 6/10 13:13 2:45 0:00
John Macfarland 0 0 0 0 0 0 0 0 0 0 0/0 1:39 0:40 0:12
John Quenneville 0 0 0 0 0 3 0 1 0 0 6/8 12:16 0:14 0:00
Keith Yandle 0 1 1 2 4 3 3 0 0 1 0/0 27:41 3:30 3:46
Madison Bowey 0 1 1 0 0 3 1 1 0 2 0/0 25:52 2:27 3:01
Michael Joly 0 0 0 0 0 0 1 0 0 0 0/0 8:08 0:50 0:00
Miikka Salomaki 0 1 1 3 0 5 1 1 2 0 0/1 22:33 2:20 4:59
Nikita Gusev 0 0 0 0 0 0 0 0 0 0 0/0 7:17 0:00 0:00
Radek Faksa 0 1 1 2 0 1 0 0 0 1 13/23 18:43 2:20 1:19
Robbie Earl 1 1 2 3 2 5 1 0 1 0 8/12 21:30 2:25 3:54
Slava Voynov 1 0 1 2 0 3 1 3 0 1 0/0 31:08 3:30 5:26
Tyler Bertuzzi 0 0 0 0 0 3 2 1 0 0 0/0 12:02 0:00 0:00
3 Stars
1 - Robbie Earl (Pro)
2 - Slava Voynov (Pro)
3 - Miikka Salomaki (Pro)
Power Play
Rafales - 1 on 5 Attempt(s) - 20.00%
Punishers - 0 on 3 Attempt(s) - 0.00%
Penalty Kill
Rafales - 3 on 3 Attempt(s) - 100.00%
- Score 0 goal in Penalty Kill
Punishers - 4 on 5 Attempt(s) - 80.00%
- Score 0 goal in Penalty Kill
Team Stat
Rafales - Hits : 23 - Faceoff Wins : 25 - Blocked Shots : 16 - Penalty Minutes : 6
Punishers - Hits : 17 - Faceoff Wins : 36 - Blocked Shots : 10 - Penalty Minutes : 10
Official
Referees : Unknown
Linesman : Unknown
Game Notes
8:10 of 2nd period - Punishers goal is going for a video replay. After video review, Goal.
Finance
Level 1 -- Attendance: 1441 (72.05%) -- Ticket Income $57,640
Level 2 -- Attendance: 707 (70.70%) -- Ticket Income $14,140
Total Attendance: 2148 (71.60%)
Total Ticket Income: $71,780
Other Income: $3,589
Total Income: $75,369
Rafales
5 vs 5 Forward
Center Left Wing Right Wing Time % Phy DF OF
1 Nathan Davis Carl Klingberg Andrew Shaw 40 1 2 2
2 Kevin Veilleux Chris Terry Brian Ferlin 30 1 2 2
3 Jayson Megna Ben Thomson Tim Crowder 20 1 2 2
4 Joe Labate Tyrell Goulbourne Borna Rendulic 10 1 2 2
5 vs 5 Defense
Defense Defense Time % Phy DF OF
1 Connor Murphy Bruno Gervais 40 1 2 2
2 Julian Melchiori Dylan McIlrath 30 1 2 2
3 Slater Koekkoek Connor Murphy 20 1 2 2
4 Bruno Gervais Julian Melchiori 10 1 2 2
PowerPlay Forward
Center Left Wing Right Wing Time % Phy DF OF
1 Nathan Davis Carl Klingberg Andrew Shaw 60 1 2 2
2 Kevin Veilleux Chris Terry Brian Ferlin 40 1 2 2
PowerPlay Defense
Defense Defense Time % Phy DF OF
1 Connor Murphy Bruno Gervais 60 1 2 2
2 Julian Melchiori Dylan McIlrath 40 1 2 2
Penalty Kill 4 Players Forward
Center Wing Time % Phy DF OF
1 Andrew Shaw Carl Klingberg 60 1 2 2
2 Brian Ferlin Nathan Davis 40 1 2 2
Penalty Kill 4 Players Defense
Defense Defense Time % Phy DF OF
1 Connor Murphy Bruno Gervais 60 1 2 2
2 Julian Melchiori Dylan McIlrath 40 1 2 2
Penalty Kill - 3 Players Forward
Forward Time % Phy DF OF
1 Andrew Shaw 60 1 2 2
2 Carl Klingberg 40 1 2 2
Penalty Kill - 3 Players Defense
Defense Defense Time % Phy DF OF
1 Connor Murphy Bruno Gervais 60 1 2 2
2 Julian Melchiori Dylan McIlrath 40 1 2 2
4 vs 4 Forward
Center Wing Time % Phy DF OF
1 Andrew Shaw Carl Klingberg 60 1 2 2
2 Brian Ferlin Nathan Davis 40 1 2 2
4 vs 4 Defense
Defense Defense Time % Phy DF OF
1 Connor Murphy Bruno Gervais 60 1 2 2
2 Julian Melchiori Dylan McIlrath 40 1 2 2
Last Minutes Offensive
Center Left Wing Right Wing Defense Defense
Nathan Davis Carl Klingberg Andrew Shaw Connor Murphy Bruno Gervais
Last Minutes Defensive
Center Left Wing Right Wing Defense Defense
Nathan Davis Carl Klingberg Andrew Shaw Connor Murphy Bruno Gervais
Goaltenders
Starting : Leland Irving
Backup : Jake Allen
Extra Forwards
Normal : James Marcou, Akim Aliu, Ryan Bourque - PP : James Marcou, Akim Aliu - PK : Ryan Bourque
Extra Defensemen
Normal : Slater Koekkoek, Dylan McIlrath, Connor Murphy - PP : Slater Koekkoek - PK : Dylan McIlrath, Connor Murphy
Penalty Shots
Andrew Shaw, Carl Klingberg, Brian Ferlin, Nathan Davis, Tim Crowder
Scratches
Joey Laleggia (Right Hand Injury), Maksim Mayorov (Broken Right Foot Toe Injury), Chris Driedger (Healthy), Sean Maguire (Healthy)
Punishers
5 vs 5 Forward
Center Left Wing Right Wing Time % Phy DF OF
1 Radek Faksa Robbie Earl Miikka Salomaki 40 1 2 2
2 Elias Lindholm Andreas Athanasiou Carter Ashton 30 1 2 2
3 John Quenneville Tyler Bertuzzi Austen Brassard 20 1 2 2
4 Daniel Audette Nikita Gusev Michael Joly 10 1 2 2
5 vs 5 Defense
Defense Defense Time % Phy DF OF
1 Slava Voynov Keith Yandle 40 1 2 2
2 Madison Bowey Brett Kulak 30 1 2 2
3 Ben Betker Slava Voynov 20 1 2 2
4 Keith Yandle Madison Bowey 10 1 2 2
PowerPlay Forward
Center Left Wing Right Wing Time % Phy DF OF
1 Radek Faksa Robbie Earl Miikka Salomaki 60 1 2 2
2 Elias Lindholm Andreas Athanasiou Carter Ashton 40 1 2 2
PowerPlay Defense
Defense Defense Time % Phy DF OF
1 Slava Voynov Keith Yandle 60 1 2 2
2 Madison Bowey Brett Kulak 40 1 2 2
Penalty Kill 4 Players Forward
Center Wing Time % Phy DF OF
1 Robbie Earl Miikka Salomaki 60 1 2 2
2 Andreas Athanasiou Carter Ashton 40 1 2 2
Penalty Kill 4 Players Defense
Defense Defense Time % Phy DF OF
1 Slava Voynov Keith Yandle 60 1 2 2
2 Madison Bowey Brett Kulak 40 1 2 2
Penalty Kill - 3 Players Forward
Forward Time % Phy DF OF
1 Robbie Earl 60 1 2 2
2 Miikka Salomaki 40 1 2 2
Penalty Kill - 3 Players Defense
Defense Defense Time % Phy DF OF
1 Slava Voynov Keith Yandle 60 1 2 2
2 Madison Bowey Brett Kulak 40 1 2 2
4 vs 4 Forward
Center Wing Time % Phy DF OF
1 Robbie Earl Miikka Salomaki 60 1 2 2
2 Andreas Athanasiou Carter Ashton 40 1 2 2
4 vs 4 Defense
Defense Defense Time % Phy DF OF
1 Slava Voynov Keith Yandle 60 1 2 2
2 Madison Bowey Brett Kulak 40 1 2 2
Last Minutes Offensive
Center Left Wing Right Wing Defense Defense
Radek Faksa Robbie Earl Miikka Salomaki Slava Voynov Keith Yandle
Last Minutes Defensive
Center Left Wing Right Wing Defense Defense
Radek Faksa Robbie Earl Miikka Salomaki Slava Voynov Keith Yandle
Goaltenders
Starting : Louis Domingue
Backup : Daniel Altshuller
Extra Forwards
Normal : John Macfarland, Anton Blidh, Alex Schoenborn - PP : John Macfarland, Anton Blidh - PK : Alex Schoenborn
Extra Defensemen
Normal : Ben Betker, Brett Kulak, Slava Voynov - PP : Ben Betker - PK : Brett Kulak, Slava Voynov
Penalty Shots
Robbie Earl, Miikka Salomaki, Andreas Athanasiou, Carter Ashton, Radek Faksa
Scratches
Zack Hamill (Healthy), Ivan Nalimov (Healthy)
% Time on Ice - Rafales
Lines # - Real PCT - Wanted PCT - Time Play
Normal Forward
1 - 33% - 40% - 15:07
2 - 28% - 30% - 12:34
3 - 25% - 20% - 11:31
4 - 14% - 10% - 6:24
Normal Defense
1 - 34% - 40% - 15:37
2 - 32% - 30% - 14:26
3 - 22% - 20% - 10:12
4 - 12% - 10% - 5:21
PP Forward
1 - 54% - 60% - 4:35
2 - 46% - 40% - 3:52
PP Defense
1 - 56% - 60% - 4:45
2 - 44% - 40% - 3:42
PK Forward
1 - 81% - 60% - 4:49
2 - 19% - 40% - 1:08
PK Defense
1 - 64% - 60% - 3:47
2 - 36% - 40% - 2:10
PK3 Forward
1 - 0% - 60%
2 - 0% - 40%
PK3 Defense
1 - 0% - 60%
2 - 0% - 40%
44 Forward
1 - 100% - 60% - 0:09
2 - 0% - 40% - 0:00
44 Defense
1 - 100% - 60% - 0:09
2 - 0% - 40% - 0:00
Last Minute Offensive - 0:00
Last Minute Defensive - 0:00
Total
Forward - 60:09
Defense - 60:09
|
% Time on Ice - Punishers
Lines # - Real PCT - Wanted PCT - Time Play
Normal Forward
1 - 35% - 40% - 15:52
2 - 23% - 30% - 10:25
3 - 26% - 20% - 12:02
4 - 16% - 10% - 7:17
Normal Defense
1 - 37% - 40% - 16:55
2 - 36% - 30% - 16:31
3 - 18% - 20% - 8:17
4 - 9% - 10% - 3:53
PP Forward
1 - 52% - 60% - 3:05
2 - 48% - 40% - 2:52
PP Defense
1 - 59% - 60% - 3:30
2 - 41% - 40% - 2:27
PK Forward
1 - 84% - 60% - 7:07
2 - 16% - 40% - 1:20
PK Defense
1 - 64% - 60% - 5:26
2 - 36% - 40% - 3:01
PK3 Forward
1 - 0% - 60%
2 - 0% - 40%
PK3 Defense
1 - 0% - 60%
2 - 0% - 40%
44 Forward
1 - 100% - 60% - 0:09
2 - 0% - 40% - 0:00
44 Defense
1 - 100% - 60% - 0:09
2 - 0% - 40% - 0:00
Last Minute Offensive - 0:00
Last Minute Defensive - 0:00
Total
Forward - 60:09
Defense - 60:09
|
Play-by-Play
1st period
0:01 of 1st period - Radek Faksa wins face-off versus Nathan Davis in neutral zone.
0:10 of 1st period - Wrist shot by Miikka Salomaki.
0:10 of 1st period - Shot Blocked by Nathan Davis.
0:35 of 1st period - Snap shot by Kevin Veilleux.
0:35 of 1st period - Stopped by Louis Domingue with a rebound.
0:37 of 1st period - Backhand shot by Connor Murphy.
0:37 of 1st period - Shot Misses the Net.
1:36 of 1st period - Snap shot by Nathan Davis.
1:36 of 1st period - Stopped by Louis Domingue without a rebound.
1:37 of 1st period - Kevin Veilleux wins face-off versus Radek Faksa in Punishers zone.
1:48 of 1st period - Wrist shot by Brian Ferlin.
1:48 of 1st period - Shot Blocked by Ben Betker.
1:50 of 1st period - Slapshot by Slater Koekkoek.
1:50 of 1st period - Deflect By Chris Terry.
1:50 of 1st period - Shot Misses the Net.
1:50 of 1st period - Puck is out of play.
1:51 of 1st period - Elias Lindholm wins face-off versus Nathan Davis in Punishers zone.
1:56 of 1st period - Wrist shot by Carter Ashton.
1:56 of 1st period - Stopped by Leland Irving with a rebound.
2:09 of 1st period - Icing by Andreas Athanasiou.
2:10 of 1st period - Elias Lindholm wins face-off versus Kevin Veilleux in Punishers zone.
2:55 of 1st period - Snap shot by Bruno Gervais.
2:55 of 1st period - Stopped by Louis Domingue without a rebound.
2:56 of 1st period - Nathan Davis wins face-off versus John Quenneville in Punishers zone.
4:36 of 1st period - Madison Bowey is hit by Andrew Shaw and loses puck.
4:51 of 1st period - Wrist shot by Brian Ferlin.
4:51 of 1st period - Stopped by Louis Domingue without a rebound.
4:52 of 1st period - Kevin Veilleux wins face-off versus Robbie Earl in Punishers zone.
4:53 of 1st period - Wrist shot by Brian Ferlin.
4:53 of 1st period - Shot Misses the Net.
4:55 of 1st period - Slapshot by Bruno Gervais.
4:55 of 1st period - Shot Misses the Net.
4:59 of 1st period - Wrist shot by Kevin Veilleux.
4:59 of 1st period - Stopped by Louis Domingue with a rebound.
5:01 of 1st period - Wrist shot by Bruno Gervais.
5:01 of 1st period - Stopped by Louis Domingue without a rebound.
5:02 of 1st period - Kevin Veilleux wins face-off versus Radek Faksa in Punishers zone.
5:19 of 1st period - Wrist shot by Chris Terry.
5:19 of 1st period - Shot Misses the Net.
5:25 of 1st period - Bruno Gervais is hit by Robbie Earl and loses puck.
5:46 of 1st period - Snap shot by Miikka Salomaki.
5:46 of 1st period - Shot Hit the Post.
5:48 of 1st period - Backhand shot by Miikka Salomaki.
5:48 of 1st period - Shot Misses the Net.
5:50 of 1st period - Wrist shot by Radek Faksa.
5:50 of 1st period - Deflect By Robbie Earl.
5:50 of 1st period - Stopped by Leland Irving with a rebound.
5:52 of 1st period - Slapshot by Slava Voynov.
5:52 of 1st period - Shot Misses the Net.
5:56 of 1st period - Snap shot by Robbie Earl.
5:56 of 1st period - Stopped by Leland Irving with a rebound.
6:20 of 1st period - Snap shot by Miikka Salomaki.
6:20 of 1st period - Deflect By Julian Melchiori.
6:20 of 1st period - Stopped by Leland Irving with a rebound.
6:33 of 1st period - Minor Penalty to Chris Terry for Holding Stick.
6:34 of 1st period - Andrew Shaw wins face-off versus Carter Ashton in Rafales zone.
6:42 of 1st period - Carter Ashton is hit by Andrew Shaw and loses puck.
8:33 of 1st period - Penalty to Chris Terry is over, Chris Terry is back on ice.
9:35 of 1st period - Slapshot by Tim Crowder.
9:35 of 1st period - Shot Misses the Net.
10:03 of 1st period - Ben Betker is hit by Borna Rendulic and loses puck.
10:20 of 1st period - Icing by Brian Ferlin.
10:21 of 1st period - John Quenneville wins face-off versus Kevin Veilleux in Rafales zone.
11:29 of 1st period - Slapshot by Connor Murphy.
11:29 of 1st period - Deflect By Slava Voynov.
11:29 of 1st period - Stopped by Louis Domingue with a rebound.
11:41 of 1st period - Nathan Davis is hit by Slava Voynov and loses puck.
12:06 of 1st period - Brian Ferlin is hit by Andreas Athanasiou and loses puck.
12:15 of 1st period - Andreas Athanasiou is hit by Chris Terry and loses puck.
12:55 of 1st period - Slava Voynov is hit by Dylan McIlrath and loses puck.
13:19 of 1st period - Dylan McIlrath is hit by Madison Bowey and loses puck.
13:37 of 1st period - Brett Kulak is hit by Ben Thomson and loses puck.
14:08 of 1st period - Robbie Earl is hit by Borna Rendulic.
14:23 of 1st period - Carl Klingberg is hit by Carter Ashton and loses puck.
14:30 of 1st period - Ben Betker is hit by Andrew Shaw and loses puck.
14:41 of 1st period - Snap shot by Slava Voynov.
14:41 of 1st period - Shot Misses the Net.
14:49 of 1st period - Icing by Ben Betker.
14:50 of 1st period - Jayson Megna wins face-off versus Daniel Audette in Punishers zone.
15:05 of 1st period - Snap shot by Tim Crowder.
15:05 of 1st period - Deflect By Ben Thomson.
15:05 of 1st period - Shot Misses the Net.
15:05 of 1st period - Puck is out of play.
15:06 of 1st period - Radek Faksa wins face-off versus Nathan Davis in Punishers zone.
15:41 of 1st period - Elias Lindholm is hit by Jayson Megna and loses puck.
16:06 of 1st period - Minor Penalty to Austen Brassard for Interference.
16:07 of 1st period - Andrew Shaw wins face-off versus Robbie Earl in Punishers zone.
16:16 of 1st period - Snap shot by Robbie Earl.
16:16 of 1st period - Shot Blocked by Carl Klingberg.
16:34 of 1st period - Miikka Salomaki is hit by Kevin Veilleux and loses puck.
16:41 of 1st period - Slapshot by Brian Ferlin.
16:41 of 1st period - Stopped by Louis Domingue without a rebound.
16:42 of 1st period - Robbie Earl wins face-off versus Kevin Veilleux in Punishers zone.
18:06 of 1st period - Penalty to Austen Brassard is over, Austen Brassard is back on ice.
18:23 of 1st period - Slapshot by Slava Voynov.
18:23 of 1st period - Deflect By Connor Murphy.
18:23 of 1st period - Stopped by Leland Irving without a rebound.
18:24 of 1st period - Tim Crowder wins face-off versus Daniel Audette in Rafales zone.
18:56 of 1st period - Slapshot by Brian Ferlin.
18:56 of 1st period - Deflect By Kevin Veilleux.
18:56 of 1st period - Shot Misses the Net.
18:56 of 1st period - Puck is out of play.
18:57 of 1st period - Nathan Davis wins face-off versus Elias Lindholm in Punishers zone.
19:00 of 1st period - Snap shot by Nathan Davis.
19:00 of 1st period - Shot Blocked by Carter Ashton.
19:10 of 1st period - Snap shot by Andrew Shaw.
19:10 of 1st period - Stopped by Louis Domingue without a rebound.
19:11 of 1st period - Radek Faksa wins face-off versus Nathan Davis in Punishers zone.
19:20 of 1st period - Snap shot by Robbie Earl.
19:20 of 1st period - Shot Misses the Net.
19:51 of 1st period - Icing by Brian Ferlin.
19:52 of 1st period - Kevin Veilleux wins face-off versus John Quenneville in Rafales zone.
Goals for this period are 0 for Rafales vs 0 for Punishers.
Shots for this period are 9 for Rafales vs 5 for Punishers.
2nd period
0:01 of 2nd period - Elias Lindholm wins face-off versus Carl Klingberg in neutral zone.
0:34 of 2nd period - Wrist shot by Robbie Earl.
0:34 of 2nd period - Shot Blocked by Connor Murphy.
0:54 of 2nd period - Wrist shot by John Quenneville.
0:54 of 2nd period - Stopped by Leland Irving without a rebound.
0:55 of 2nd period - Elias Lindholm wins face-off versus Carl Klingberg in Rafales zone.
1:03 of 2nd period - Minor Penalty to Dylan McIlrath for Interference.
1:04 of 2nd period - Radek Faksa wins face-off versus Andrew Shaw in Rafales zone.
1:18 of 2nd period - Wrist shot by Miikka Salomaki.
1:18 of 2nd period - Stopped by Leland Irving with a rebound.
1:31 of 2nd period - Icing by Slava Voynov.
1:32 of 2nd period - Andrew Shaw wins face-off versus Radek Faksa in Punishers zone.
2:03 of 2nd period - Carter Ashton is hit by Andrew Shaw and loses puck.
2:26 of 2nd period - Nathan Davis is hit by Andreas Athanasiou and loses puck.
2:35 of 2nd period - Slapshot by Keith Yandle.
2:35 of 2nd period - Stopped by Leland Irving with a rebound.
2:37 of 2nd period - Slapshot by Elias Lindholm.
2:37 of 2nd period - Stopped by Leland Irving with a rebound.
2:39 of 2nd period - Slapshot by Slava Voynov.
2:39 of 2nd period - Stopped by Leland Irving with a rebound.
2:41 of 2nd period - Slapshot by Slava Voynov.
2:41 of 2nd period - Shot Misses the Net.
2:43 of 2nd period - Slapshot by Keith Yandle.
2:43 of 2nd period - Deflect By Slater Koekkoek.
2:43 of 2nd period - Stopped by Leland Irving without a rebound.
2:44 of 2nd period - Radek Faksa wins face-off versus Andrew Shaw in Rafales zone.
2:47 of 2nd period - Wrist shot by Robbie Earl.
2:47 of 2nd period - Shot Misses the Net.
3:03 of 2nd period - Penalty to Dylan McIlrath is over, Dylan McIlrath is back on ice.
3:27 of 2nd period - Snap shot by Andrew Shaw.
3:27 of 2nd period - Stopped by Louis Domingue with a rebound.
3:33 of 2nd period - Wrist shot by Radek Faksa.
3:33 of 2nd period - Shot Misses the Net.
3:39 of 2nd period - Slapshot by Robbie Earl.
3:39 of 2nd period - Shot Misses the Net.
3:41 of 2nd period - Slapshot by Brett Kulak.
3:41 of 2nd period - Shot Blocked by Bruno Gervais.
3:43 of 2nd period - Slapshot by Miikka Salomaki.
3:43 of 2nd period - Shot Blocked by Carl Klingberg.
3:45 of 2nd period - Slapshot by Brett Kulak.
3:45 of 2nd period - Stopped by Leland Irving with a rebound.
3:55 of 2nd period - Snap shot by Radek Faksa.
3:55 of 2nd period - Shot Blocked by Carl Klingberg.
3:57 of 2nd period - Snap shot by Miikka Salomaki.
3:57 of 2nd period - Shot Blocked by Dylan McIlrath.
3:59 of 2nd period - Slapshot by Madison Bowey.
3:59 of 2nd period - Stopped by Leland Irving without a rebound.
4:00 of 2nd period - John Quenneville wins face-off versus Kevin Veilleux in Rafales zone.
4:12 of 2nd period - Off-side.
4:13 of 2nd period - Elias Lindholm wins face-off versus Kevin Veilleux in neutral zone.
4:24 of 2nd period - Snap shot by Brian Ferlin.
4:24 of 2nd period - Stopped by Louis Domingue with a rebound.
4:26 of 2nd period - Slapshot by Slater Koekkoek.
4:26 of 2nd period - Shot Hit the Post.
4:28 of 2nd period - Snap shot by Brian Ferlin.
4:28 of 2nd period - Shot Blocked by Slava Voynov.
4:38 of 2nd period - Connor Murphy is hit by Keith Yandle and loses puck.
4:47 of 2nd period - Slapshot by John Quenneville.
4:47 of 2nd period - Shot Misses the Net.
4:49 of 2nd period - Snap shot by John Quenneville.
4:49 of 2nd period - Stopped by Leland Irving with a rebound.
4:51 of 2nd period - Snap shot by Austen Brassard.
4:51 of 2nd period - Stopped by Leland Irving with a rebound.
5:53 of 2nd period - Snap shot by Brian Ferlin.
5:53 of 2nd period - Stopped by Louis Domingue with a rebound.
5:55 of 2nd period - Wrist shot by Bruno Gervais.
5:55 of 2nd period - Shot Misses the Net.
6:09 of 2nd period - Slava Voynov is hit by Tyrell Goulbourne and loses puck.
6:38 of 2nd period - Nathan Davis is hit by Tyler Bertuzzi and loses puck.
6:43 of 2nd period - Snap shot by Tyler Bertuzzi.
6:43 of 2nd period - Deflect By Julian Melchiori.
6:43 of 2nd period - Shot Blocked by Andrew Shaw.
6:43 of 2nd period - Puck is out of play.
6:44 of 2nd period - Kevin Veilleux wins face-off versus Radek Faksa in Rafales zone.
6:51 of 2nd period - Miikka Salomaki is hit by Connor Murphy.
7:09 of 2nd period - Slava Voynov is hit by Bruno Gervais and loses puck.
7:20 of 2nd period - Snap shot by Borna Rendulic.
7:20 of 2nd period - Shot Misses the Net.
7:40 of 2nd period - Slapshot by Slava Voynov.
7:40 of 2nd period - Shot Blocked by Andrew Shaw.
7:46 of 2nd period - Ben Betker is hit by Slater Koekkoek and loses puck.
8:08 of 2nd period - Slapshot by Radek Faksa.
8:08 of 2nd period - Stopped by Leland Irving with a rebound.
8:10 of 2nd period - Slapshot by Ben Betker.
8:10 of 2nd period - Punishers goal is going for a video replay.
8:10 of 2nd period - The goal is good.
8:10 of 2nd period - Goal by Ben Betker - Rafales : 0 - Punishers : 1.
8:11 of 2nd period - Radek Faksa wins face-off versus Nathan Davis in neutral zone.
9:50 of 2nd period - Snap shot by Andrew Shaw.
9:50 of 2nd period - Stopped by Louis Domingue with a rebound.
9:52 of 2nd period - Snap shot by Bruno Gervais.
9:52 of 2nd period - Stopped by Louis Domingue without a rebound.
9:53 of 2nd period - Radek Faksa wins face-off versus Nathan Davis in Punishers zone.
10:04 of 2nd period - Snap shot by Nathan Davis.
10:04 of 2nd period - Stopped by Louis Domingue without a rebound.
10:05 of 2nd period - Robbie Earl wins face-off versus Nathan Davis in Punishers zone.
10:35 of 2nd period - Kevin Veilleux is hit by Carter Ashton and loses puck.
10:42 of 2nd period - Slater Koekkoek is hit by Carter Ashton and loses puck.
11:06 of 2nd period - Snap shot by John Quenneville.
11:06 of 2nd period - Shot Misses the Net.
11:18 of 2nd period - Snap shot by Andrew Shaw.
11:18 of 2nd period - Stopped by Louis Domingue without a rebound.
11:19 of 2nd period - Robbie Earl wins face-off versus Nathan Davis in Punishers zone.
11:55 of 2nd period - Ben Betker is hit by Carl Klingberg and loses puck.
12:02 of 2nd period - Wrist shot by Robbie Earl.
12:02 of 2nd period - Shot Misses the Net.
12:04 of 2nd period - Wrist shot by Radek Faksa.
12:04 of 2nd period - Shot Misses the Net.
12:06 of 2nd period - Slapshot by Madison Bowey.
12:06 of 2nd period - Shot Misses the Net.
12:08 of 2nd period - Wrist shot by Madison Bowey.
12:08 of 2nd period - Stopped by Leland Irving with a rebound.
12:10 of 2nd period - Slapshot by Madison Bowey.
12:10 of 2nd period - Shot Blocked by Bruno Gervais.
12:18 of 2nd period - Snap shot by Robbie Earl.
12:18 of 2nd period - Goal by Robbie Earl - Rafales : 0 - Punishers : 2.
12:19 of 2nd period - Carter Ashton wins face-off versus Kevin Veilleux in neutral zone.
12:27 of 2nd period - Connor Murphy is hit by Carter Ashton and loses puck.
12:44 of 2nd period - Austen Brassard is hit by Ben Thomson.
12:54 of 2nd period - Snap shot by Tim Crowder.
12:54 of 2nd period - Stopped by Louis Domingue with a rebound.
13:11 of 2nd period - Off-side.
13:12 of 2nd period - Nathan Davis wins face-off versus Elias Lindholm in neutral zone.
14:03 of 2nd period - Snap shot by Dylan McIlrath.
14:03 of 2nd period - Shot Misses the Net.
14:05 of 2nd period - Snap shot by Julian Melchiori.
14:05 of 2nd period - Stopped by Louis Domingue with a rebound.
14:07 of 2nd period - Slapshot by Tim Crowder.
14:07 of 2nd period - Stopped by Louis Domingue with a rebound.
14:51 of 2nd period - Wrist shot by Carter Ashton.
14:51 of 2nd period - Shot Misses the Net.
15:26 of 2nd period - Snap shot by Connor Murphy.
15:26 of 2nd period - Shot Misses the Net.
15:28 of 2nd period - Slapshot by Connor Murphy.
15:28 of 2nd period - Shot Blocked by Brett Kulak.
15:30 of 2nd period - Slapshot by Jayson Megna.
15:30 of 2nd period - Shot Misses the Net.
15:32 of 2nd period - Slapshot by Connor Murphy.
15:32 of 2nd period - Shot Blocked by Tyler Bertuzzi.
15:41 of 2nd period - Off-side.
15:42 of 2nd period - Elias Lindholm wins face-off versus Joe Labate in neutral zone.
15:53 of 2nd period - Wrist shot by Julian Melchiori.
15:53 of 2nd period - Stopped by Louis Domingue without a rebound.
15:54 of 2nd period - Radek Faksa wins face-off versus Nathan Davis in Punishers zone.
16:21 of 2nd period - Slapshot by Bruno Gervais.
16:21 of 2nd period - Goal by Bruno Gervais - Rafales : 1 - Punishers : 2.
16:22 of 2nd period - Nathan Davis wins face-off versus Radek Faksa in neutral zone.
16:30 of 2nd period - Minor Penalty to Keith Yandle for Interference.
16:31 of 2nd period - Robbie Earl wins face-off versus Carl Klingberg in Punishers zone.
16:36 of 2nd period - Icing by Carl Klingberg.
16:37 of 2nd period - Robbie Earl wins face-off versus Nathan Davis in Rafales zone.
16:42 of 2nd period - Snap shot by Robbie Earl.
16:42 of 2nd period - Deflect By Miikka Salomaki.
16:42 of 2nd period - Stopped by Leland Irving with a rebound.
17:20 of 2nd period - Snap shot by Andreas Athanasiou.
17:20 of 2nd period - Shot Misses the Net.
17:39 of 2nd period - Icing by Carl Klingberg.
17:40 of 2nd period - Robbie Earl wins face-off versus Nathan Davis in Rafales zone.
18:30 of 2nd period - Penalty to Keith Yandle is over, Keith Yandle is back on ice.
18:44 of 2nd period - Snap shot by Borna Rendulic.
18:44 of 2nd period - Shot Misses the Net.
18:46 of 2nd period - Snap shot by Slater Koekkoek.
18:46 of 2nd period - Shot Misses the Net.
18:48 of 2nd period - Slapshot by Slater Koekkoek.
18:48 of 2nd period - Deflect By Borna Rendulic.
18:48 of 2nd period - Stopped by Louis Domingue without a rebound.
18:49 of 2nd period - John Quenneville wins face-off versus Jayson Megna in Punishers zone.
19:41 of 2nd period - Miikka Salomaki is hit by Chris Terry and loses puck.
19:50 of 2nd period - Slapshot by Kevin Veilleux.
19:50 of 2nd period - Stopped by Louis Domingue with a rebound.
Goals for this period are 1 for Rafales vs 2 for Punishers.
Shots for this period are 14 for Rafales vs 15 for Punishers.
3rd period
0:01 of 3rd period - Nathan Davis wins face-off versus Elias Lindholm in neutral zone.
0:54 of 3rd period - Slapshot by Connor Murphy.
0:54 of 3rd period - Shot Blocked by John Quenneville.
0:56 of 3rd period - Slapshot by Connor Murphy.
0:56 of 3rd period - Stopped by Louis Domingue with a rebound.
0:58 of 3rd period - Slapshot by Connor Murphy.
0:58 of 3rd period - Stopped by Louis Domingue with a rebound.
1:00 of 3rd period - Slapshot by Jayson Megna.
1:00 of 3rd period - Shot Misses the Net.
1:07 of 3rd period - Icing by Tyler Bertuzzi.
1:08 of 3rd period - Austen Brassard wins face-off versus Joe Labate in Punishers zone.
1:46 of 3rd period - Wrist shot by Nathan Davis.
1:46 of 3rd period - Shot Blocked by Slava Voynov.
2:21 of 3rd period - Wrist shot by Tyler Bertuzzi.
2:21 of 3rd period - Shot Misses the Net.
2:29 of 3rd period - Slapshot by Nikita Gusev.
2:29 of 3rd period - Shot Misses the Net.
2:50 of 3rd period - Slapshot by Nathan Davis.
2:50 of 3rd period - Shot Misses the Net.
2:56 of 3rd period - Minor Penalty to Ben Betker for Tripping.
2:57 of 3rd period - Robbie Earl wins face-off versus Andrew Shaw in Punishers zone.
3:06 of 3rd period - Robbie Earl is hit by Nathan Davis and loses puck.
3:13 of 3rd period - Snap shot by Andrew Shaw.
3:13 of 3rd period - Stopped by Louis Domingue with a rebound.
3:29 of 3rd period - Slapshot by Julian Melchiori.
3:29 of 3rd period - Shot Misses the Net.
3:31 of 3rd period - Wrist shot by Chris Terry.
3:31 of 3rd period - Shot Misses the Net.
4:36 of 3rd period - Dylan McIlrath is hit by Keith Yandle and loses puck.
4:56 of 3rd period - Penalty to Ben Betker is over, Ben Betker is back on ice.
5:05 of 3rd period - Snap shot by John Quenneville.
5:05 of 3rd period - Stopped by Leland Irving with a rebound.
5:07 of 3rd period - Slapshot by John Quenneville.
5:07 of 3rd period - Shot Blocked by Slater Koekkoek.
5:09 of 3rd period - Wrist shot by Tyler Bertuzzi.
5:09 of 3rd period - Stopped by Leland Irving without a rebound.
5:10 of 3rd period - John Quenneville wins face-off versus Jayson Megna in Rafales zone.
5:17 of 3rd period - Snap shot by Tyler Bertuzzi.
5:17 of 3rd period - Shot Misses the Net.
5:43 of 3rd period - Austen Brassard is hit by Jayson Megna and loses puck.
5:48 of 3rd period - Snap shot by Ben Thomson.
5:48 of 3rd period - Shot Blocked by Slava Voynov.
5:54 of 3rd period - Tim Crowder is hit by Tyler Bertuzzi and loses puck.
6:05 of 3rd period - Jayson Megna is hit by Austen Brassard and loses puck.
6:16 of 3rd period - Slapshot by John Quenneville.
6:16 of 3rd period - Shot Misses the Net.
6:18 of 3rd period - Slapshot by Keith Yandle.
6:18 of 3rd period - Deflect By Tyler Bertuzzi.
6:18 of 3rd period - Shot Misses the Net.
6:18 of 3rd period - Puck is out of play.
6:19 of 3rd period - Carl Klingberg wins face-off versus Radek Faksa in Rafales zone.
6:24 of 3rd period - Slapshot by Miikka Salomaki.
6:24 of 3rd period - Stopped by Leland Irving with a rebound.
6:36 of 3rd period - Slater Koekkoek is hit by Miikka Salomaki.
7:14 of 3rd period - Slapshot by Borna Rendulic.
7:14 of 3rd period - Stopped by Louis Domingue without a rebound.
7:15 of 3rd period - Nathan Davis wins face-off versus Radek Faksa in Punishers zone.
8:11 of 3rd period - Snap shot by Carter Ashton.
8:11 of 3rd period - Shot Misses the Net.
8:29 of 3rd period - Off-side.
8:30 of 3rd period - John Quenneville wins face-off versus Nathan Davis in neutral zone.
8:35 of 3rd period - Wrist shot by Tyler Bertuzzi.
8:35 of 3rd period - Stopped by Leland Irving with a rebound.
8:37 of 3rd period - Snap shot by Slava Voynov.
8:37 of 3rd period - Shot Blocked by Bruno Gervais.
8:39 of 3rd period - Snap shot by Austen Brassard.
8:39 of 3rd period - Stopped by Leland Irving with a rebound.
8:41 of 3rd period - Wrist shot by John Quenneville.
8:41 of 3rd period - Shot Misses the Net.
9:05 of 3rd period - Slapshot by John Quenneville.
9:05 of 3rd period - Shot Blocked by Bruno Gervais.
9:07 of 3rd period - Wrist shot by John Quenneville.
9:07 of 3rd period - Shot Blocked by Bruno Gervais.
9:11 of 3rd period - Wrist shot by Tyler Bertuzzi.
9:11 of 3rd period - Stopped by Leland Irving without a rebound.
9:12 of 3rd period - Radek Faksa wins face-off versus Nathan Davis in Rafales zone.
9:13 of 3rd period - Snap shot by Robbie Earl.
9:13 of 3rd period - Shot Blocked by Andrew Shaw.
9:15 of 3rd period - Wrist shot by Miikka Salomaki.
9:15 of 3rd period - Stopped by Leland Irving without a rebound.
9:16 of 3rd period - Nathan Davis wins face-off versus Radek Faksa in Rafales zone.
9:22 of 3rd period - Off-side.
9:23 of 3rd period - Nathan Davis wins face-off versus Radek Faksa in neutral zone.
9:59 of 3rd period - Snap shot by Brian Ferlin.
9:59 of 3rd period - Deflect By Keith Yandle.
9:59 of 3rd period - Shot Misses the Net.
9:59 of 3rd period - Puck is out of play.
10:00 of 3rd period - Radek Faksa wins face-off versus Jayson Megna in Punishers zone.
10:00 of 3rd period - Radek Faksa is hit by Ben Thomson.
10:03 of 3rd period - Minor Penalty to Robbie Earl for Roughing.
10:04 of 3rd period - Alex Schoenborn wins face-off versus Nathan Davis in Punishers zone.
10:38 of 3rd period - Snap shot by Kevin Veilleux.
10:38 of 3rd period - Shot Misses the Net.
10:40 of 3rd period - Snap shot by Bruno Gervais.
10:40 of 3rd period - Shot Blocked by Miikka Salomaki.
11:11 of 3rd period - Icing by Brian Ferlin.
11:12 of 3rd period - Radek Faksa wins face-off versus Kevin Veilleux in Rafales zone.
11:47 of 3rd period - Radek Faksa is hit by Brian Ferlin and loses puck.
12:03 of 3rd period - Penalty to Robbie Earl is over, Robbie Earl is back on ice.
12:10 of 3rd period - Snap shot by Robbie Earl.
12:10 of 3rd period - Stopped by Leland Irving without a rebound.
12:11 of 3rd period - John Quenneville wins face-off versus Jayson Megna in Rafales zone.
12:46 of 3rd period - Wrist shot by Nathan Davis.
12:46 of 3rd period - Shot Misses the Net.
12:48 of 3rd period - Slapshot by Andrew Shaw.
12:48 of 3rd period - Shot Blocked by Madison Bowey.
12:50 of 3rd period - Slapshot by Dylan McIlrath.
12:50 of 3rd period - Deflect By Nathan Davis.
12:50 of 3rd period - Stopped by Louis Domingue without a rebound.
12:51 of 3rd period - Radek Faksa wins face-off versus Chris Terry in Punishers zone.
13:16 of 3rd period - Bruno Gervais is hit by Keith Yandle and loses puck.
13:25 of 3rd period - Slapshot by Connor Murphy.
13:25 of 3rd period - Deflect By Nathan Davis.
13:25 of 3rd period - Stopped by Louis Domingue with a rebound.
13:45 of 3rd period - Snap shot by John Quenneville.
13:45 of 3rd period - Deflect By Austen Brassard.
13:45 of 3rd period - Stopped by Leland Irving with a rebound.
13:47 of 3rd period - Snap shot by Slava Voynov.
13:47 of 3rd period - Shot Blocked by Julian Melchiori.
13:59 of 3rd period - Snap shot by Borna Rendulic.
13:59 of 3rd period - Stopped by Louis Domingue without a rebound.
14:00 of 3rd period - Joe Labate wins face-off versus Daniel Audette in Punishers zone.
14:01 of 3rd period - Snap shot by Borna Rendulic.
14:01 of 3rd period - Shot Misses the Net.
14:33 of 3rd period - Snap shot by Nathan Davis.
14:33 of 3rd period - Stopped by Louis Domingue without a rebound.
14:34 of 3rd period - Radek Faksa wins face-off versus Kevin Veilleux in Punishers zone.
15:50 of 3rd period - Snap shot by Ben Thomson.
15:50 of 3rd period - Stopped by Louis Domingue without a rebound.
15:51 of 3rd period - Nathan Davis wins face-off versus Robbie Earl in Punishers zone.
16:56 of 3rd period - Minor Penalty to Keith Yandle for Elbowing.
16:57 of 3rd period - Nathan Davis wins face-off versus Robbie Earl in Punishers zone.
17:04 of 3rd period - Snap shot by Carl Klingberg.
17:04 of 3rd period - Shot Misses the Net.
17:06 of 3rd period - Backhand shot by Connor Murphy.
17:06 of 3rd period - Stopped by Louis Domingue with a rebound.
17:22 of 3rd period - Slava Voynov is hit by Bruno Gervais and loses puck.
17:27 of 3rd period - Wrist shot by Brian Ferlin.
17:27 of 3rd period - Goal by Brian Ferlin - Rafales : 2 - Punishers : 2.
17:28 of 3rd period - Nathan Davis wins face-off versus Radek Faksa in neutral zone.
17:37 of 3rd period - Snap shot by Keith Yandle.
17:37 of 3rd period - Stopped by Leland Irving with a rebound.
17:39 of 3rd period - Minor Penalty to Carl Klingberg for Roughing.
17:40 of 3rd period - Andrew Shaw wins face-off versus Miikka Salomaki in Rafales zone.
18:34 of 3rd period - Snap shot by Robbie Earl.
18:34 of 3rd period - Stopped by Leland Irving with a rebound.
18:36 of 3rd period - Wrist shot by Miikka Salomaki.
18:36 of 3rd period - Shot Misses the Net.
18:50 of 3rd period - Snap shot by Miikka Salomaki.
18:50 of 3rd period - Shot Misses the Net.
18:52 of 3rd period - Slapshot by Madison Bowey.
18:52 of 3rd period - Stopped by Leland Irving without a rebound.
18:53 of 3rd period - Ben Sexton wins face-off versus Elias Lindholm in Rafales zone.
19:39 of 3rd period - Penalty to Carl Klingberg is over, Carl Klingberg is back on ice.
19:51 of 3rd period - Connor Murphy is hit by Michael Joly and loses puck.
Goals for this period are 1 for Rafales vs 0 for Punishers.
Shots for this period are 11 for Rafales vs 12 for Punishers.
Overtime #1
0:01 of 1st overtime period - Robbie Earl wins face-off versus Andrew Shaw in neutral zone.
0:09 of 1st overtime period - Slapshot by Slava Voynov.
0:09 of 1st overtime period - Goal by Slava Voynov - Rafales : 2 - Punishers : 3.
Goals for this period are 0 for Rafales vs 1 for Punishers.
Shots for this period are 0 for Rafales vs 1 for Punishers.
Back to the Top